 Dungeon Crawl Stone Soup version 0.29.1-2-gbd0b4ee654 (webtiles) character file.

Game seed: 18264992957040807009

298 LustLizard the Insei (level 6, 0/41 HPs)
             Began as an Octopode Transmuter on Nov 30, 2022.
             Splashed by a jelly's acid (10 damage)
             ... on level 4 of the Dungeon.
             The game lasted 00:07:50 (3402 turns).

LustLizard the Insei (Octopode Transmuter)          Turns: 3402, Time: 00:07:51

Health: 0/41       AC: -3    Str:  9    XL:     6   Next: 36%
Magic:  9/9        EV: 13    Int: 18    God:
Gold:   228        SH:  0    Dex: 12    Spells: 1/9 levels left

rFire   . . .      SeeInvis .     - Unarmed
rCold   . . .      Faith    .   (no shield)
rNeg    . . .      Spirit   .   (helmet currently unavailable)
rPois   .          Reflect  .   l - amulet of regeneration
rElec   .          Harm     .   (no ring)
rCorr   .          Rampage  .   (no ring)
Will    .....                   (no ring)
Stlth   ++........              (no ring)
HPRegen 0.93/turn               (no ring)
MPRegen 0.11/turn               (no ring)
                                (no ring)
                                (no ring)

@: appendages, corroded
A: tentacle spike 3, almost no armour, amphibious, 8 rings, camouflage 1,
gelatinous body 1, (nimble swimmer 1), tentacles
a: End Transformation


You were on level 4 of the Dungeon.
One of your tentacles had grown a beastly spike.
You visited 2 branches of the dungeon, and saw 5 of its levels.

You collected 228 gold pieces.

Inventory:

Jewellery
 l - an amulet of regeneration (around mantle)
Wands
 a - a wand of charming (15)
Scrolls
 e - 2 scrolls of poison {unknown}
 f - a scroll of amnesia
 g - 2 scrolls of identify
 h - 2 scrolls of blinking
 i - a scroll of vulnerability {unknown}
 j - 2 scrolls of immolation {unknown}
 m - 2 scrolls of enchant armour {unknown}
 o - 3 scrolls of enchant weapon {unknown}
 q - a scroll of fear {unknown}
Potions
 b - 2 potions of heal wounds
 c - a potion of mutation
 d - 6 potions of curing
 k - a potion of degeneration {unknown}
 n - a potion of brilliance {unknown}
 p - a potion of haste {unknown}
 r - a potion of berserk rage {unknown}


   Skills:
 + Level 2.7 Fighting
 - Level 2.0 Dodging
 * Level 4.9 Unarmed Combat
 - Level 2.0 Spellcasting
 + Level 4.1 Transmutations
 * Level 1.1 Ice Magic


You had one spell level left.
You knew the following spells:

 Your Spells              Type           Power      Damage    Failure   Level
a - Beastly Appendage     Tmut           32%        N/A       3%          1
b - Wereblood             Tmut           16%        N/A       4%          2
c - Freeze                Ice            20%        1d4       12%         1
d - Ice Form              Ice/Tmut       11%        N/A       52%         4

Your spell library contained the following spells:

 Spells                   Type           Power      Damage    Failure   Level
 Spider Form              Tmut/Pois      9%         N/A       22%         3
 Frozen Ramparts          Ice            10%        1d2       34%         3
 Hailstorm                Conj/Ice       3%         3d3       82%         4


Dungeon Overview and Level Annotations

Branches:
Dungeon (4/15)             Temple (1/1) D:4

Altars:
Cheibriados
Dithmenos
Elyvilon
Kikubaaqudgha
Nemelex Xobeh
Okawaru
Ru
Sif Muna
Trog
Uskayaw
Yredelemnul
Zin


Innate Abilities, Weirdness & Mutations

One of your tentacles has grown a beastly spike.
You cannot wear most types of armour.
You are amphibious.
You can wear up to eight rings at the same time.
Your skin changes colour to match your surroundings (Stealth+).
Your rubbery body absorbs attacks. (AC +1, EV +1)
((You are camouflaged when in or above water. (Stealth+)))
You have tentacles for arms and can constrict up to eight enemies at once.


Message History

You now have 213 gold pieces (gained 8).
You now have 217 gold pieces (gained 4).
You now have 221 gold pieces (gained 4).
You now have 228 gold pieces (gained 7).
d - 6 potions of curing (gained 1)
r - a fizzy ruby potion A jelly comes into view.
Casting: Wereblood (safe; 4% risk of failure)
Confirm with . or Enter, or press ? or * to list all spells.
One of your tentacles grows a vicious spike.
The jelly quivers.
You see here 2 poisoned darts.
You see here 2 poisoned darts.
You tentacle-slap the jelly.
Your tentacles burn!
You pierce the jelly, but do no damage.
The jelly is lightly wounded.
The jelly hits you.
You are splashed with acid!
You tentacle-slap the jelly.
Your tentacles burn!
The jelly is lightly wounded.
The jelly jiggles.
The jelly misses you.
You tentacle-slap the jelly.
Your tentacles burn!
The jelly is moderately wounded.
The jelly hits you but does no damage.
You bludgeon the jelly! The acid corrodes you!
Your tentacles burn!
You pierce the jelly.
The jelly is severely wounded.
The jelly barely misses you.
You tentacle-slap the jelly but do no damage.
Your tentacles burn!
You pierce the jelly, but do no damage.
The jelly is severely wounded.
The jelly barely misses you.
You tentacle-slap the jelly.
Your tentacles burn!
* * * LOW HITPOINT WARNING * * *
You pierce the jelly, but do no damage.
The jelly is severely wounded.
The jelly hits you.
* * * LOW HITPOINT WARNING * * *
You are splashed with acid!
You die...

#..........................
#...................g......
#######....................
#........................
#........................
#........................
#.............#..........
#.......J................
#####...@....#.#.........
#######...(..###.#.........
#..........###...##........
#........#........#........
#..........##..>..##.......
#...........#........#.....
#.....#.....##...###.......
#.....#......#.###.........
#.....#......#.#...........


You could see a jelly.

Vanquished Creatures
  A bullfrog (D:3)
  An orc wizard (D:4)
  8 gnolls (D:4)
  6 adders
  A worm (D:2)
  2 dart slugs
  8 orcs
  2 endoplasms (D:1)
  4 giant cockroaches
  5 goblins
  6 hobgoblins
  7 kobolds
  5 quokkas
  5 ball pythons
  3 bats
  2 frilled lizards
  3 rats (D:1)
69 creatures vanquished.

Vanquished Creatures (others)
  A plant (D:1)
1 creature vanquished.

Grand Total: 70 creatures vanquished

Notes
Turn   | Place    | Note
-------+----------+-------------------------------------------
     0 | D:1      | LustLizard the Octopode Transmuter began the quest for the
                  | Orb.
     0 | D:1      | Reached XP level 1. HP: 13/13 MP: 3/3
   197 | D:1      | Reached XP level 2. HP: 16/18 MP: 3/5
   301 | D:1      | Learned a level 2 spell: Wereblood
   978 | D:2      | Reached XP level 3. HP: 23/23 MP: 4/6
  1753 | D:3      | Noticed a bullfrog
  1796 | D:3      | Killed a bullfrog
  1797 | D:3      | Reached XP level 4. HP: 7/29 MP: 3/7
  1802 | D:3      | Reached XP level 5. HP: 14/34 MP: 4/8
  2684 | D:4      | Noticed an ogre
  2828 | D:4      | Learned a level 1 spell: Freeze
  2866 | D:4      | Learned a level 4 spell: Ice Form
  2876 | D:4      | Reached XP level 6. HP: 36/41 MP: 7/9
  3042 | D:4      | Found a staircase to the Ecumenical Temple.
  3054 | Temple   | Entered the Ecumenical Temple
  3131 | D:4      | Found a shimmering blue altar of Sif Muna.
  3132 | D:4      | Found a sacrificial altar of Ru.
  3256 | D:4      | Reached skill level 1 in Ice Magic
  3402 | D:4      | Splashed by a jelly's acid

Illustrated notes

Levels and vault maps discovered:
D:1:      spicycebolla_arrival_ecumenical, layout_loops_ring,
          kennysheep_crisscross, chequers_big_river, st_stairs_2,
          kennysheep_pointless_box, minivault_27, minmay_heptomino_d4
D:2:      layout_basic
D:3:      layout_basic
D:4:      cheibrodos_helix_gallery, layout_basic, jmf_multi_god_temple,
          minmay_temple_entry_slanted, hangedman_abyss_or_decor_passed
Temple:   hellmonk_temple_rainy

Skill      XL: |  1  2  3  4  5  6 |
---------------+-------------------+-----
Fighting       | 2 |  2.7
Unarmed Combat | 4 |  4.9
Transmutations | 3 4 |  4.1
Ice Magic      | 1 |  1.1
Dodging        | |  2.0
Spellcasting   | |  2.0

Action                   |  1- 3 |  4- 6 || total
-------------------------+-------+-------++-------
Melee: Unarmed           |    69 |   105 ||   174
       Constrict         |    24 |    29 ||    53
       Kick              |    14 |    36 ||    50
       Tentacles         |    18 |    19 ||    37
       Punch             |     2 |     3 ||     5
 Cast: Beastly Appendage |    18 |    15 ||    33
       Wereblood         |     1 |     5 ||     6
  Use: Potion            |       |     1 ||     1
       Scroll            |       |     5 ||     5
 Stab: Sleeping          |     7 |     1 ||     8
Armor: Skin              |    11 |    10 ||    21
Dodge: Dodged            |    33 |    66 ||    99
